 Dungeon Crawl Stone Soup version 0.28.0 (webtiles) character file.

Game seed: 14459674204154096275

109 GrayStillPlays the Caller (level 4, -1/22 HPs)
             Began as a Vine Stalker Summoner on Feb 17, 2022.
             Slain by a gnoll (3 damage)
             ... on level 4 of the Dungeon.
             The game lasted 00:04:07 (2823 turns).

GrayStillPlays the Caller (Vine Stalker Summoner)   Turns: 2823, Time: 00:04:08

Health: -1/22      AC:  3    Str: 11    XL:     4   Next: 90%
Magic:  0/9        EV: 12    Int: 17    God:
Gold:   74         SH:  0    Dex: 14    Spells: 4/8 levels left

rFire   . . .      SeeInvis .   c - +0 whip {mace}
rCold   . . .      Faith    .   (no shield)
rNeg    . . .      Spirit   +   a - +0 robe
rPois   .          Reflect  .   (no helmet)
rElec   .          Harm     .   (no cloak)
rCorr   .          Rampage  .   (no gloves)
Will    .....                   b - +0 pair of boots
Stlth   ++........              (no amulet)
HPRegen 0.87/turn               (no ring)
MPRegen 0.11/turn               (no ring)

@: no status effects
A: fangs 2, regeneration 1, magic shield, antimagic bite, no potion heal 2
a: no special abilities


You were on level 4 of the Dungeon.
You visited 1 branch of the dungeon, and saw 4 of its levels.

You collected 74 gold pieces.


Innate Abilities, Weirdness & Mutations

You have extremely sharp teeth.
Your natural rate of healing is unusually fast.
When hurt, damage is shared between your health and your magic reserves.
Your bite disrupts and absorbs the magic of your enemies.
Potions cannot restore your health.


   Skills:
 + Level 1.5 Fighting
 + Level 2.2 Dodging
 + Level 3.5 Stealth
 + Level 2.9 Spellcasting
 + Level 4.4 Summonings


You had 4 spell levels left.
You knew the following spells:

 Your Spells              Type           Power      Damage    Failure   Level
a - Summon Small Mammal   Summ           68%        N/A       2%          1
b - Call Canine Familiar  Summ           17%        N/A       9%          3

Your spell library contained the following spells:

 Spells                   Type           Power      Damage    Failure   Level
 Call Imp                 Summ           17%        N/A       4%          2
 Summon Guardian Golem    Hex/Summ       10%        N/A       22%         3
 Summon Lightning Spire   Summ/Air       10%        N/A       56%         4

Inventory:

Hand Weapons
 c - a +0 whip (weapon) {mace}
   (You took it off a kobold on level 1 of the Dungeon)
Missiles
 e - 100 stones {throwing}
 k - 14 arrows
Armour
 a - a +0 robe (worn)
 b - a +0 pair of boots (worn)
   (You found it on level 1 of the Dungeon)
Jewellery
 m - a ring of ice
   (You found it on level 2 of the Dungeon)
Scrolls
 d - a scroll of identify {unknown}
 g - a scroll of fog {unknown}
 h - 2 scrolls of vulnerability {unknown}
 i - a scroll of summoning {unknown}
 l - a scroll of enchant weapon {unknown}
Potions
 f - 2 potions of heal wounds {unknown}
 j - a potion of flight {unknown}

Dungeon Overview and Level Annotations

Branches:
Dungeon (4/15)
 Temple: D:4-7

Altars:
Wu Jian

........
......## .
#......
..##.....#
.......##
..h...###
#gg....#
#@....#
#######


You could see 2 gnolls and a friendly hound (summoned).


Message History

You take 2 damage, and now have 14/22 hp.
Your hound barely misses the gnoll.
The gnoll barely misses your hound.
There is a stone staircase leading down here. 😮 HP[+1]
You can't go up here!
Your hound barely misses the gnoll.
The gnoll closely misses you.
Your hound bites the gnoll.
The gnoll completely misses your hound.
Your magical contamination has completely faded away.
You climb downwards.
There is a stone staircase leading up here. 😮 HP[+1]
You start resting. 😎 HP[+6] MP[+1]
Your hp is fully restored (22).
You start resting. 😎 MP[+5]
Your mp is fully restored (9).
You can't go down here!
You climb upwards.
There is a stone staircase leading down here.
Casting: Call Canine Familiar (quite dangerous; 9% risk of failure)
Confirm with . or Enter, or press ? or * to list all spells.
The spell is quite dangerous to miscast (9% risk of failure)!
Continue anyway?
The gnoll hits your hound with a +0 spear.
The gnoll barely misses you. 😎 MP[-3]
You lost 3 mp, and now have 6/9 mp.
What are your orders? t - Shout!
Orders for allies: a - Attack new target. r - Retreat! s - Stop attacking. g - Guard the area. f - Follow me.
Anything else - Cancel.
Gang up on whom?
Press: ? - help, Dir - move target, f - gnoll
Aim: a gnoll, wielding a +0 halberd (heavily wounded, ally target) Attack!
The gnoll hits your hound with a +0 spear.
Your hound bites the gnoll but does no damage.
The gnoll barely misses you.
Your hound bites the gnoll.
The gnoll hits you from afar with a +0 spear!
The gnoll closely misses you. The gnoll hits you with a +0 halberd!
* * * LOW HITPOINT WARNING * * *
Your hound bites the gnoll but does no damage. 😨 HP[-13] MP[-4]
You take 13 damage, and now have 9/22 hp.
MASSIVE DAMAGE!! (PAUSE)
You lost 4 mp, and now have 2/9 mp.
The gnoll misses your hound.
The gnoll hits your hound with a +1 whip of holy wrath!
Your hound dies!
Your hound's corpse disappears in a puff of smoke!
The gnoll closely misses you. x2
There is a stone staircase leading down here.
You can't go up here!
The gnoll hits you from afar with a +0 spear.
* * * LOW HITPOINT WARNING * * *
The gnoll misses you.
You climb downwards.
There is a stone staircase leading up here. 😨 HP[+1] 😨 HP[+1]
You start resting. 😎 HP[+11] MP[+2]
Your hp is fully restored (22).
You regained 2 mp, and now have 4/9 mp.
You start resting. 😎 MP[+5]
Your mp is fully restored (9).
There is a stone staircase leading up here.
You climb upwards.
The gnoll hits you from afar with a +0 spear. x2
There is a stone staircase leading down here. 😕 HP[-2] MP[-1]
You take 2 damage, and now have 20/22 hp.
You lost 1 mp, and now have 8/9 mp.
The gnoll closely misses you.
The gnoll hits you with a +1 whip of holy wrath.
The gnoll hits you from afar with a +0 spear.
The gnoll closely misses you.
You climb downwards.
There is a stone staircase leading up here. 😕 HP[-3] MP[-2]
You take 3 damage, and now have 17/22 hp.
You lost 2 mp, and now have 6/9 mp.
Casting: Call Canine Familiar (quite dangerous; 9% risk of failure)
Confirm with . or Enter, or press ? or * to list all spells.
The spell is quite dangerous to miscast (9% risk of failure)!
Continue anyway?
The gnoll hits you with a +0 halberd.
The gnoll hits you with a +1 whip of holy wrath.
* * * LOW HITPOINT WARNING * * *
😨 HP[-8] MP[-5]
You take 8 damage, and now have 9/22 hp.
MASSIVE DAMAGE!! (PAUSE)
You lost 5 mp, and now have 1/9 mp.
You barely miss the gnoll. The gnoll hits you with a +0 halberd!
* * * LOW HITPOINT WARNING * * *
Your hound bites the gnoll.
The gnoll hits you with a +1 whip of holy wrath.
You die...

Skill      XL: |  1  2  3 |
---------------+----------+-----
Stealth        | 3 |  3.5
Fighting       | 1 |  1.5
Dodging        | 2 |  2.2
Spellcasting   | |  2.9
Summonings     | |  4.4

Action                   |  1- 3 |  4- 6 || total
-------------------------+-------+-------++-------
Melee: Unarmed           |    12 |       ||    12
       Bite              |    34 |     3 ||    37
       Whip              |    89 |    15 ||   104
       Punch             |     1 |     1 ||     2
 Cast: Summon Small Mamm |    12 |     1 ||    13
       Call Canine Famil |     1 |     3 ||     4
 Stab: Sleeping          |     5 |     2 ||     7
Armor: Robe              |    29 |     5 ||    34
Dodge: Dodged            |    65 |    21 ||    86

Levels and vault maps discovered:
D:1:      heliophobic_arrival_henge, layout_loops_ring, skrybe_limestone_x
D:2:      layout_loops_ring, basic_altar
D:3:      layout_basic, mainiacjoe_overflow_chevrons,
          shapermc_ecumenical_altar_rom_forum
D:4:      layout_cave_pools, kennysheep_mini, serial_shops,
          nicolae_shop_statue_plus, minmay_misc_feat_tower,
          chequers_serial_rivers_micro_d, dk_noncrumbling_3, minivault_24

Notes
Turn   | Place    | Note
-------+----------+-------------------------------------------
     0 | D:1      | GrayStillPlays the Vine Stalker Summoner began the quest
                  | for the Orb.
     0 | D:1      | Reached XP level 1. HP: 9/9 MP: 4/4
     0 | D:1      | magus.rc [v1.9.6]
   442 | D:1      | Reached XP level 2. HP: 14/14 MP: 3/6
  1238 | D:1      | Reached XP level 3. HP: 15/17 MP: 7/7
  1347 | D:1      | Reached skill level 3 in Stealth
  1760 | D:2      | Reached skill level 1 in Fighting
  1808 | D:2      | Reached skill level 2 in Dodging
  1893 | D:2      | Learned a level 3 spell: Call Canine Familiar
  1955 | D:2      | Found an ornate altar of the Wu Jian Council.
  2080 | D:2      | Noticed a scorpion
  2090 | D:2      | Killed a scorpion
  2091 | D:2      | Gained mutation: Your natural rate of healing is unusually
                  | fast. [Vine Stalker growth]
  2091 | D:2      | Reached XP level 4. HP: 22/22 MP: 5/9
  2823 | D:4      | HP: 2/22 [gnoll (8)]
  2823 | D:4      | Slain by a gnoll

Vanquished Creatures
  A worm (D:2)
  3 dart slugs (D:1)
  5 endoplasms
  2 giant cockroaches (D:2)
  2 hobgoblins
  4 jackals (D:1)
  5 kobolds
  2 quokkas
  3 ball pythons (D:2)
  3 bats
  A frilled lizard (D:2)
  4 goblins
  4 rats
39 creatures vanquished.

Vanquished Creatures (collateral kills)
  A scorpion (D:2)
  A quokka (D:1)
  A ball python (D:1)
  A rat (D:1)
4 creatures vanquished.

Vanquished Creatures (others)
  8 fungi (D:3)
8 creatures vanquished.

Grand Total: 51 creatures vanquished

Table legend:
 A = Non-vault XP
 B = Vault XP
 C = Vault XP percentage of total XP
 D = Non-vault monster count
 E = Vault monster count
 F = Vault count percentage of total count
                 A         B        C        D         E       F
            +---------+---------+-------+---------+---------+-------
      Total |     157 |       0 |   0.0 |      43 |       0 |   0.0
            +---------+---------+-------+---------+---------+-------
        D:1 |      44 |       0 |   0.0 |      23 |       0 |   0.0
        D:2 |     112 |       0 |   0.0 |      19 |       0 |   0.0
        D:3 |       1 |       0 |   0.0 |       1 |       0 |   0.0
            +---------+---------+-------+---------+---------+-------

Illustrated notes

Table legend:
 A = Kills in this place as a percentage of kills in entire the game.
 B = Kills by you in this place as a percentage of kills by you in the entire game.
 C = Kills by friends in this place as a percentage of kills by friends in the entire game.
 D = Other kills in this place as a percentage of other kills in the entire game.
 E = Experience gained in this place as a percentage of experience gained in the entire game.
 F = Experience gained in this place divided by the number of levels of this place that you have seen.
                   A       B       C       D       E      F
               +-------+-------+-------+-------+-------+----------------------
         Total | 100.0 | 100.0 | 100.0 |   N/A | 100.0 |  39.2
       Dungeon | 100.0 | 100.0 | 100.0 |   N/A | 100.0 |  39.2
               +-------+-------+-------+-------+-------+----------------------

Table legend: (Time is in decaauts)
 A = Elapsed time spent in this place.
 B = Non-inter-level travel time spent in this place.
 C = Inter-level travel time spent in this place.
 D = Time resting spent in this place.
 E = Time spent auto-exploring this place.
 F = Levels seen in this place.
 G = Mean time per level.
                   A        B        C        D        E       F      G
               +--------+--------+--------+--------+--------+-----+--------+
         Total |   2835 |   2809 |     26 |    106 |   2263 |   4 |  708.8 |
       Dungeon |   2835 |   2809 |     26 |    106 |   2263 |   4 |  708.8 |
               +--------+--------+--------+--------+--------+-----+--------+

Top non-repeatable levels by time:
     D:1: 1546 daAuts
     D:2: 1110 daAuts
     D:4: 114 daAuts
     D:3: 62 daAuts
